AoeStats
← Fazzz7z

Hill Fort

505114682Analyzed
2v2 RM · 25d ago on Sep 7, 2026· 40m 15s· 4 players
Game mode
Random Map
Map size
Medium (4 player)
Population
200
Speed
Normal
Resources
Standard
Victory
Conquest
Starting age
Dark Age
Ending age
Imperial Age
RankedLock teamsTeams togetherTeam positionsShared explorationLock speedFull tech treeHidden civsTurbo modeCheats
Victory
Defeat
🇬🇧 Magyars · United Kingdom
1428
+13
🇨🇦 Vietnamese · Canada
1395
+14
🇮🇪 Turks · Ireland
1372
-14
🇺🇸 Dravidians · United States
1353
-13
Jaha
10:26 Feudal Age
11:38 Double-Bit Axe
14:23 Loom
18:04 Castle Age
16:23 Horse Collar
16:39 Stone Mining
17:27 Fletching
18:26 Wheelbarrow
18:36 Padded Archer Armor
18:38 Town Watch
19:40 Bow Saw
20:09 Bodkin Arrow
27:17 Ballistics
27:29 Leather Archer Armor
32:19 Elite Skirmisher
34:48 Thumb Ring
39:42 Imperial Age
40:33 Forging
40:30 Bracer
40:55 Paper Money
Fazzz7z
10:05 Feudal Age
15:02 Castle Age
14:06 Double-Bit Axe
14:26 Double-Bit Axe
15:35 Stone Mining
17:14 Scale Barding Armor
21:27 Loom
21:47 Loom
27:14 Horse Collar
27:50 Bow Saw
28:46 Husbandry
28:59 Bloodlines
30:20 Wheelbarrow
32:55 Chain Barding Armor
33:29 Corvinian Army
37:03 Hand Cart
36:35 Town Watch
39:58 Imperial Age
38:09 Heavy Plow
38:02 Gold Mining
40:05 Elite Magyar Huszar
HardmanGunner
10:15 Feudal Age
13:34 Loom
16:19 Castle Age
14:32 Gold Mining
14:31 Double-Bit Axe
14:29 Horse Collar
21:57 Imperial Age
20:08 Padded Archer Armor
23:50 Gold Mining
27:03 Leather Archer Armor
39:57 Wheelbarrow
Protein Shake
0:36 Loom
12:04 Feudal Age
13:23 Wheelbarrow
16:46 Castle Age
14:43 Horse Collar
15:06 Town Watch
15:41 Double-Bit Axe
17:45 Bow Saw
18:45 Hand Cart
19:35 Pikeman
20:18 Scale Mail Armor
21:40 Forging
32:00 Imperial Age
29:06 Elite Skirmisher
30:18 Fletching
30:28 Padded Archer Armor
30:48 Gold Mining
31:02 Heavy Plow
32:38 Stone Mining
33:28 Bodkin Arrow
33:49 Leather Archer Armor
34:41 Conscription
36:49 Bracer
37:21 Ring Archer Armor
36:41 Elite Skirmisher
38:26 Chain Mail Armor
Connection lost

Rejoining the realm…

Still unreachable

The connection could not be restored.

Session expired

The server has moved on; the page needs a fresh start.